 Dungeon Crawl Stone Soup version 0.27-a0-1312-g5cdb2b3542 (webtiles) character file.

Game seed: 2302604706407311512

459 BlueGoblin the Covered (level 6, 0/53 HPs)
             Began as a Minotaur Fighter on June 18, 2021.
             Slain by a gnoll (1 damage)
             ... on level 5 of the Dungeon.
             The game lasted 00:10:46 (4083 turns).

BlueGoblin the Covered (Minotaur Fighter)           Turns: 4083, Time: 00:10:47

Health: 0/53       AC: 11    Str: 23    XL:     6   Next: 78%
Magic:  5/5        EV:  9    Int:  5    God:
Gold:   125        SH: 10    Dex:  9    Spells: 5/5 levels left

rFire    . . .     SeeInvis .   a - +0 long sword
rCold    . . .     Faith    .   c - +0 kite shield
rNeg     . . .     Spirit   .   g - +4 ring mail
rPois    .         Reflect  .   (helmet restricted)
rElec    .         Harm     .   d - +0 cloak {Stlth+}
rCorr    .         Rampage  .   (no gloves)
Will     .....                  (no boots)
Stlth    ++........             (no amulet)
HPRegen  0.17/turn              (no ring)
MPRegen  0.09/turn              (no ring)

@: brilliant
A: horns 2, retaliatory headbutt
a: no special abilities


You were on level 5 of the Dungeon.
You visited 1 branch of the dungeon, and saw 6 of its levels.

You collected 125 gold pieces.

Inventory:

Hand Weapons
 a - a +0 long sword (weapon)
Armour
 b - a +0 scale mail
 c - a +0 kite shield (worn)
 d - a +0 cloak of stealth (worn)
 g - a +4 ring mail (worn)
Wands
 h - a wand of digging (12)
Scrolls
 l - 2 scrolls of identify
Potions
 e - 3 potions of degeneration
 k - a potion of curing


   Skills:
 + Level 4.7 Fighting
 + Level 4.8 Long Blades
 + Level 6.2 Armour
 + Level 1.5 Dodging
 + Level 0.5 Stealth
 + Level 5.2 Shields


You had 5 spell levels left.
You didn't know any spells.
Your spell library was empty.

Dungeon Overview and Level Annotations

Branches:
Dungeon (6/15)             Temple (0/1) D:4

Altars:
Ashenzari
Gozag

Annotations:
D:5 Eustachio, Pikel


Innate Abilities, Weirdness & Mutations

You have a pair of horns on your head.
You reflexively headbutt those who attack you in melee.


Message History

The gnoll is heavily wounded.
The river rat barely misses you.
You riposte.
You hit the river rat.
The river rat is severely wounded.
You slash Eustachio!
Eustachio is heavily wounded.
Eustachio hits you with a +0 rapier. You block the gnoll's attack.
The crimson imp hits you but does no damage.
The gnoll hits you with a +0 club. You block the river rat's attack.
The white imp closely misses you. You furiously retaliate!
You headbutt the white imp. You slash Eustachio!
Eustachio is severely wounded.
The quasit barely misses you. You furiously retaliate!
You headbutt the quasit.
The quasit claws you but does no damage.
You block the quasit's attack.
Eustachio gestures wildly while chanting.
Eustachio blinks!
The gnoll hits you but does no damage.
The crimson imp blinks!
You block the gnoll's attack.
The river rat bites you but does no damage.
The quasit bites you but does no damage.
The quasit barely misses you. x2
The white imp gestures at you. The puff of frost hits you!
* * * LOW HITPOINT WARNING * * *
You block the gnoll's attack.
Okay, then.
You closely miss the gnoll.
The gnoll is moderately wounded.
You block the gnoll's attack.
The quasit bites you but does no damage.
The quasit claws you but does no damage. x2
The river rat bites you.
* * * LOW HITPOINT WARNING * * *
An orc priest comes into view. It is wielding a +0 mace.
You block the white imp's attack.
Eustachio mumbles some strange words.
The gnoll hits you with a +0 whip.
* * * LOW HITPOINT WARNING * * *
The gnoll hits you with a +0 club.
You die...

.#####........# .#
#......!.##### ##.. .#
...............# ....
.#...g#...........#....o
.#..g.#...........#.....
##... #$................
.. #.................
#........§5o5o##
#......#.g@r..#
####.....g.5..#
#.###.#+####
...#.@.)......
....#b##.§..... .. #.
.@..... . ....... ##
....... ####.##


You could see Eustachio, an orc priest (wandering), a quasit (summoned), 2
gnolls, a crimson imp (summoned), a river rat (summoned), a white imp
(summoned), 2 orcs and a bat (summoned).

Vanquished Creatures
  A phantom (D:3)
  The ghost of BlueGoblin the Conjurer, an amateur DECj (D:3)
  Crazy Yiuf (D:2)
  Jessica (D:2)
  Ijyb (D:3)
  Natasha (thrice) (D:2)
  Robin (D:2)
  2 gnolls
  2 adders
  A white imp (D:3)
  An adder skeleton (D:4)
  2 dart slugs (D:3)
  3 orcs
  5 bats
  6 endoplasms
  3 giant cockroaches
  16 goblins
  7 hobgoblins
  10 jackals
  3 kobolds (D:1)
  5 quokkas
  8 ball pythons
  4 frilled lizards
  10 rats
97 creatures vanquished.

Notes
Turn   | Place    | Note
-------+----------+-------------------------------------------
     0 | D:1      | BlueGoblin the Minotaur Fighter began the quest for the
                  | Orb.
     0 | D:1      | Reached XP level 1. HP: 19/19 MP: 0/0
   204 | D:1      | Reached skill level 4 in Armour
   204 | D:1      | Reached XP level 2. HP: 22/27 MP: 1/1
   497 | D:1      | Reached XP level 3. HP: 33/33 MP: 2/2
   750 | D:2      | Noticed Natasha
   753 | D:2      | Killed Natasha
  1127 | D:2      | Noticed Jessica
  1133 | D:2      | Killed Jessica
  1134 | D:2      | Reached XP level 4. HP: 38/40 MP: 3/3
  1284 | D:2      | Reached skill level 5 in Armour
  1406 | D:2      | Found a runed translucent door.
  1407 | D:2      | Noticed Crazy Yiuf
  1605 | D:2      | Noticed Natasha
  1619 | D:2      | Killed Natasha
  1620 | D:2      | Reached XP level 5. HP: 35/47 MP: 4/4
  1693 | D:2      | Noticed Robin
  1703 | D:2      | Killed Robin
  1753 | D:2      | Noticed Natasha
  1763 | D:2      | Killed Natasha
  2038 | D:2      | Found a faded altar of an unknown god.
  2220 | D:2      | Killed Crazy Yiuf
  2646 | D:3      | Noticed Ijyb
  2654 | D:3      | Killed Ijyb
  2807 | D:3      | Found a transporter.
  2829 | D:3      | Noticed BlueGoblin's ghost (amateur DECj)
  2845 | D:3      | Found a transporter.
  2892 | D:3      | Reached XP level 6. HP: 52/53 MP: 5/5
  3581 | D:3      | Found an opulent altar of Gozag.
  3726 | D:3      | Killed BlueGoblin's ghost
  3727 | D:3      | Reached skill level 6 in Armour
  3727 | D:3      | Reached skill level 1 in Dodging
  3874 | D:4      | Found a broken altar of Ashenzari.
  3934 | D:3      | Reached skill level 5 in Shields
  3989 | D:4      | Found a staircase to the Ecumenical Temple.
  3994 | D:4      | You fall into a shaft and drop 2 floors!
  4014 | D:5      | Entered Level 5 of the Dungeon
  4018 | D:5      | Noticed Pikel
  4061 | D:5      | Noticed Eustachio
  4083 | D:5      | HP: 1/53 [gnoll (4)]
  4083 | D:5      | Slain by a gnoll

Illustrated notes

Levels and vault maps discovered:
D:1:      ncdulo_lavacross, layout_basic, minmay_misc_feat_rugged
D:2:      layout_loops_ring, shapermc_ecumenical_altar_mp_vishouse,
          serial_aquarium, aquarium_bridge_straight [aquarium_subvault_bridge,
          aquarium_subvault_wall, aquarium_subvault_bridge,
          aquarium_subvault_wall], aquarium_bridge_straight
          [aquarium_subvault_bridge, aquarium_subvault_wall,
          aquarium_subvault_bridge, aquarium_subvault_wall],
          aquarium_window_corridor_3, aquarium_window_1, aquarium_view_2a,
          kennysheep_cross_room, kennysheep_generic_room_11,
          uniq_crazy_yiuf_cottage, uniq_robin, uniq_natasha, uniq_jessica
D:3:      layout_basic, lemuel_doored_altar, gammafunk_ghost_arena, uniq_ijyb
D:4:      layout_cave_pools, cheibrodos_ashenzari_chains,
          nicolae_hepliaklqana_monster_ancestors, minmay_temple_entry_junction,
          serial_undead, serial_undead_c, serial_undead_d, serial_undead_b,
          serial_undead_f
D:5:      layout_basic, uniq_eustachio, uniq_pikel
D:6:      layout_basic, serial_shops, nicolae_shop_behind_doors,
          hellmonk_ghost_happy_afterlife, nicolae_sextant,
          lemuel_flamethrower_2, uniq_blork_the_orc, uniq_prince_ribbit1

Skill      XL: |  1  2  3  4  5  6 |
---------------+-------------------+-----
Armour         | 4 5 6 |  6.2
Fighting       | 4 |  4.7
Shields        | 4 5 |  5.2
Long Blades    | 3 4 |  4.8
Dodging        | 1 |  1.5
Stealth        | |  0.5

Action                   |  1- 3 |  4- 6 || total
-------------------------+-------+-------++-------
Melee: Long sword        |    56 |   197 ||   253
       Headbutt          |     9 |    27 ||    36
  Use: Scroll            |     1 |     6 ||     7
       Potion            |       |     6 ||     6
 Stab: Sleeping          |       |     1 ||     1
Armor: Scale mail        |    25 |    63 ||    88
       Ring mail         |       |    51 ||    51
Dodge: Dodged            |    14 |    72 ||    86
Block: Kite shield       |    27 |   137 ||   164
       Rpst.: Long sword |     6 |    23 ||    29

Table legend: (Time is in decaauts)
 A = Elapsed time spent in this place.
 B = Non-inter-level travel time spent in this place.
 C = Inter-level travel time spent in this place.
 D = Time resting spent in this place.
 E = Time spent auto-exploring this place.
 F = Levels seen in this place.
 G = Mean time per level.
                   A        B        C        D        E       F      G
               +--------+--------+--------+--------+--------+-----+--------+
         Total |   4199 |   3651 |    548 |    769 |   2005 |   6 |  699.8 |
       Dungeon |   4199 |   3651 |    548 |    769 |   2005 |   6 |  699.8 |
               +--------+--------+--------+--------+--------+-----+--------+

Top non-repeatable levels by time:
     D:2: 1766 daAuts
     D:3: 1415 daAuts
     D:1: 877 daAuts
     D:5: 73 daAuts
     D:4: 46 daAuts
     D:6: 20 daAuts
